 Dungeon Crawl Stone Soup version 0.29.1-12-g30fa7ad0bf (webtiles) character file.

Game seed: 10343249441582012500

150 EarthwalkerPL the Covered (level 5, 0/47 HPs)
             Began as a Minotaur Fighter on Dec 22, 2022.
             Slain by a gnoll
             ... wielding a +0 whip
              (2 damage)
             ... on level 3 of the Dungeon.
             The game lasted 00:02:31 (2074 turns).

EarthwalkerPL the Covered (Minotaur Fighter)        Turns: 2074, Time: 00:02:31

Health: 0/47       AC:  7    Str: 23    XL:     5   Next: 10%
Magic:  4/4        EV: 10    Int:  5    God:
Gold:   58         SH:  4    Dex:  9    Spells: 4/4 levels left

rFire   . . .      SeeInvis .   a - +0 war axe
rCold   . . .      Faith    .   c - +0 buckler
rNeg    . . .      Spirit   .   b - +0 scale mail
rPois   .          Reflect  .   (helmet restricted)
rElec   .          Harm     .   (no cloak)
rCorr   .          Rampage  .   (no gloves)
Will    .....                   (no boots)
Stlth   ..........              (no amulet)
HPRegen 0.15/turn               k - ring of wizardry
MPRegen 0.09/turn               (no ring)

@: no status effects
A: horns 2, retaliatory headbutt
a: no special abilities


You were on level 3 of the Dungeon.
You visited 1 branch of the dungeon, and saw 3 of its levels.

You collected 58 gold pieces.

Inventory:

Hand Weapons
 a - a +0 war axe (weapon)
Armour
 b - a +0 scale mail (worn)
 c - a +0 buckler (worn)
Jewellery
 k - a ring of wizardry (left hand)
Wands
 o - a wand of quicksilver (8)
 q - a wand of flame (15)
Scrolls
 f - 2 scrolls of immolation {unknown}
 g - a scroll of poison {unknown}
 h - a scroll of identify {unknown}
 i - a scroll of enchant armour {unknown}
 l - a scroll of vulnerability {unknown}
 n - 2 scrolls of teleportation {unknown}
Potions
 d - 2 potions of might
 e - 2 potions of curing {unknown}
 j - a potion of flight {unknown}
 m - a potion of brilliance {unknown}
 p - a potion of degeneration {unknown}
 r - a potion of heal wounds {unknown}


   Skills:
 * Level 4.4 Fighting
 * Level 3.6 Axes
 * Level 4.5 Armour
 * Level 2.1 Dodging
 * Level 4.4 Shields


You had 4 spell levels left.
You didn't know any spells.
Your spell library contained the following spells:

 Spells                   Type           Power      Damage    Failure   Level
 Foxfire                  Conj/Fire      0%         2x1d4     52%         1
 Conjure Flame            Conj/Fire      0%         6-21      87%         3
 Inner Flame              Hex/Fire       0%         N/A       87%         3
 Flame Wave               Conj/Fire      0%         2d4       99%         4


Dungeon Overview and Level Annotations

Branches:
Dungeon (3/15)

Altars:


Innate Abilities, Weirdness & Mutations

You have a pair of horns on your head.
You reflexively headbutt those who attack you in melee.


Message History

a +0 club; a +0 ring mail The adder attacks as you move away!
The adder bites you. The adder bites you but does no damage.
The adder attacks as you move away! You block the adder's attack.
The adder attacks as you move away! You block the adder's attack.
The adder barely misses you. You furiously retaliate!
You headbutt the adder.
Natasha, Servant of Life and Death comes into view.
The adder attacks as you move away! The adder bites you.
* * * LOW HITPOINT WARNING * * *
You are poisoned.
The adder poisons you!
You feel sick. The adder attacks as you move away!
The adder bites you but does no damage.
You feel sick. The adder bites you but does no damage.
You feel sick.
You feel sick. Natasha claws you.
* * * LOW HITPOINT WARNING * * *
There is a stone staircase leading up here.
You are too injured to fight recklessly!
Unknown command.
You are too injured to fight recklessly!
You are too injured to fight recklessly!
You slash Natasha! You headbutt Natasha.
You kill Natasha!
Natasha yowls pathetically as she dies!
You completely miss the adder.
* * * LOW HITPOINT WARNING * * *
You feel sick.
The adder bites you but does no damage. x2
You have reached level 5!
You miss the adder.
The adder is moderately wounded.
You hit the gnoll.
You feel sick.
You are no longer poisoned.
The adder bites you but does no damage. The gnoll closely misses you.
You furiously retaliate!
You headbutt the gnoll. The adder bites you but does no damage.
You completely miss the adder.
You headbutt the adder, but do no damage.
The adder is moderately wounded.
You barely miss the gnoll. The gnoll hits you with a +0 whip.
You die...

# #..#...#####
#.###..........##
#.........†...#.##
####.###.......#.###
######.#
#..#.....#..
.......# #.......#.#
########
#.....g#.#####.
#.....gS.......
#.#....@.######
#.#.#.##.# #.#.#.#
.# #.#.#.# .#
#.#.#.. .. ##### #.#
## .# #...# #.# .#
....# #.# .# #...#
###.###


You could see 2 gnolls and an adder.

Vanquished Creatures
  Ijyb (D:3)
  Natasha (D:3)
  2 gnolls (D:3)
  3 adders
  4 dart slugs
  An orc (D:3)
  7 bats
  3 endoplasms (D:1)
  5 goblins
  4 hobgoblins
  3 quokkas
  8 ball pythons
  2 frilled lizards
  2 kobolds
  2 rats
48 creatures vanquished.

Notes
Turn   | Place    | Note
-------+----------+-------------------------------------------
     0 | D:1      | EarthwalkerPL the Minotaur Fighter began the quest for the
                  | Orb.
     0 | D:1      | Reached XP level 1. HP: 19/19 MP: 0/0
   199 | D:1      | Reached XP level 2. HP: 27/27 MP: 1/1
   202 | D:1      | Found a faded altar of an unknown god.
   286 | D:1      | Reached skill level 1 in Dodging
   634 | D:1      | Reached XP level 3. HP: 26/33 MP: 2/2
  1772 | D:3      | Noticed Ijyb
  1780 | D:3      | Killed Ijyb
  1781 | D:3      | Reached XP level 4. HP: 23/40 MP: 3/3
  2067 | D:3      | Noticed Natasha
  2072 | D:3      | Killed Natasha
  2072 | D:3      | HP: 2/41 [poisoned by an adder]
  2073 | D:3      | Reached XP level 5. HP: 3/47 MP: 4/4
  2074 | D:3      | Slain by a gnoll

Illustrated notes

Levels and vault maps discovered:
D:1:      nicolae_arrival_washed_ashore, layout_loops_ring,
          chequers_ecumenical_altar_island
D:2:      layout_basic
D:3:      layout_loops_ring, minmay_misc_feat_chi, uniq_jessica, uniq_ijyb,
          uniq_natasha

Skill      XL: |  1  2  3  4 |
---------------+-------------+-----
Dodging        | 1 2 |  2.1
Fighting       | 4 |  4.4
Armour         | 4 |  4.5
Shields        | 4 |  4.4
Axes           | 3 |  3.6

Action                   |  1- 3 |  4- 6 || total
-------------------------+-------+-------++-------
Melee: War axe           |    90 |    21 ||   111
       Headbutt          |     8 |     3 ||    11
Armor: Scale mail        |    39 |    20 ||    59
Dodge: Dodged            |    34 |    17 ||    51
Block: Buckler           |    14 |     8 ||    22
